 Dungeon Crawl Stone Soup version 0.27.1-33-g824d729ab1 (webtiles) character file.

Game seed: 4030799681558315567

31 McKennaii the Conjurer (level 2, -1/20 HPs)
             Began as a Demigod Conjurer on Dec 6, 2021.
             Slain by a jackal (2 damage)
             ... on level 2 of the Dungeon.
             The game lasted 00:00:45 (1398 turns).

McKennaii the Conjurer (Demigod Conjurer)           Turns: 1398, Time: 00:00:46

Health: -1/20      AC:  2    Str:  8    XL:     2   Next: 90%
Magic:  0/8        EV: 12    Int: 20    God:
Gold:   45         SH:  0    Dex: 12    Spells: 6/7 levels left

rFire    . . .     SeeInvis .   (no weapon)
rCold    . . .     Faith    .   (no shield)
rNeg     . . .     Spirit   .   a - +0 robe
rPois    .         Reflect  .   (no helmet)
rElec    .         Harm     .   (no cloak)
rCorr    .         Rampage  .   (no gloves)
Will     .....                  (no boots)
Stlth    ++........             (no amulet)
HPRegen  0.06/turn              (no ring)
MPRegen  0.11/turn              (no ring)

@: studying Staves
A: high mp 1, forlorn
a: no special abilities


You were on level 2 of the Dungeon.
You visited 1 branch of the dungeon, and saw 2 of its levels.

You collected 45 gold pieces.

Inventory:

Armour
 a - a +0 robe (worn)
Magical Staves
 f - a staff of death
Scrolls
 b - a scroll of identify {unknown}
 h - a scroll of teleportation {unknown}
 i - a scroll of holy word {unknown}
Potions
 c - a potion of curing {unknown}
 d - 2 potions of attraction {unknown}
 e - a potion of berserk rage {unknown}
 g - a potion of invisibility {unknown}


   Skills:
 - Level 1.7 Dodging
 - Level 1.7 Stealth
 + Level 3.0 Spellcasting
 - Level 3.6 Conjurations


You had 6 spell levels left.
You knew the following spells:

 Your Spells              Type           Power      Damage    Failure   Level
a - Magic Dart            Conj           68%        1d6       3%          1

Your spell library contained the following spells:

 Spells                   Type           Power      Damage    Failure   Level
 Searing Ray              Conj           34%        3d4       4%          2
 Shock                    Conj/Air       40%        1d5       7%          1
 Dazzling Flash           Conj/Hex       20%        N/A       21%         3
 Fulminant Prism          Conj/Hex       5%         3d7       56%         4
 Iskenderun's Mystic Bla  Conj/Tloc      10%        2d4       56%         4


Dungeon Overview and Level Annotations

Branches:
Dungeon (2/15)


Innate Abilities, Weirdness & Mutations

Your attributes grow dramatically as you level up.
You have an increased reservoir of magic. (+10% MP)
You shall have no god before yourself.


Message History

The jackal is lightly wounded.
The jackal bites you. x2
Casting: Magic Dart (safe; 3% risk of failure)
Confirm with . or Enter, or press ? or * to list all spells.
Aiming: Magic Dart (safe; 3% risk of failure)
Press: ? - help, Shift-Dir - straight line, f/p - jackal
Aim: a jackal (lightly wounded, 100% to hit)
The magic dart hits the jackal.
The jackal is moderately wounded.
The jackal bites you.
Casting: Magic Dart (safe; 3% risk of failure)
Confirm with . or Enter, or press ? or * to list all spells.
You don't have enough magic to cast this spell.
Unknown command.
Really attack while wielding nothing? [Y]es or [N]o only, please.
Really attack while wielding nothing? [Y]es or [N]o only, please.
Really attack while wielding nothing? [Y]es or [N]o only, please.
Really attack while wielding nothing? [Y]es or [N]o only, please.
Really attack while wielding nothing?
Okay, then.
The jackal bites you.
* * * LOW HITPOINT WARNING * * *
The jackal barely misses you. The jackal closely misses you.
Casting: Magic Dart (safe; 3% risk of failure)
Confirm with . or Enter, or press ? or * to list all spells.
Aiming: Magic Dart (safe; 3% risk of failure)
Press: ? - help, Shift-Dir - straight line, f/p - jackal
Aim: a jackal (100% to hit)
The magic dart hits the jackal but does no damage.
The jackal bites you.
* * * LOW HITPOINT WARNING * * *
The jackal bites you.
* * * LOW HITPOINT WARNING * * *
The jackal barely misses you. The jackal bites you.
You die...

##..#.#.....##.#
#...P#.##...##.#
#.....#...).##.#
#......##^.###.#
#####..........######
##.+###...........
#.................
#.h..##.####......
#@...##.# #......
#....##.# #......
#....##.# #......
#....#### #......
#....# #...... ######
#######


You could see a jackal.

Vanquished Creatures
  2 adders (D:2)
  4 bats (D:1)
  An endoplasm (D:1)
  A goblin (D:1)
  A jackal (D:2)
  2 ball pythons (D:2)
  A frilled lizard (D:1)
  4 rats
16 creatures vanquished.

Vanquished Creatures (others)
  A fungus (D:2)
1 creature vanquished.

Grand Total: 17 creatures vanquished

Notes
Turn   | Place    | Note
-------+----------+-------------------------------------------
     0 | D:1      | McKennaii the Demigod Conjurer began the quest for the Orb.
     0 | D:1      | Reached XP level 1. HP: 14/14 MP: 5/5
   933 | D:2      | Reached XP level 2. HP: 20/20 MP: 5/8
  1098 | D:2      | Got Plato's Compendium of the Harmful Birds
  1396 | D:2      | HP: 1/20 [jackal (3)]
  1398 | D:2      | Slain by a jackal

Illustrated notes

Levels and vault maps discovered:
D:1:      scummos_arrival_simple_fountains, layout_basic
D:2:      layout_basic, shapermc_ecumenical_altar_rom_forum,
          minmay_fountain_box, amcnicky_mini_pool_small,
          kennysheep_generic_room_12

Skill      XL: |  1  2 |
---------------+-------+-----
Spellcasting   | 2 3 |  3.0
Dodging        | |  1.7
Stealth        | |  1.7
Conjurations   | |  3.6

Action                   || total
-------------------------++-------
 Cast: Magic Dart        ||    37
Dodge: Dodged            ||    12
